 Dungeon Crawl Stone Soup version 0.26-a0-1184-g95e395e029 (webtiles) character file.

Game seed: 10244353198615987116

50 voltaire321 the Insei (level 3, -3/24 HPs)
             Began as an Octopode Transmuter on Dec 28, 2020.
             Slain by a gnoll
             ... wielding a +2 spear
              (9 damage)
             ... on level 2 of the Dungeon.
             The game lasted 00:03:36 (1919 turns).

voltaire321 the Insei (Octopode Transmuter)         Turns: 1919, Time: 00:03:36

Health: -3/24      AC:  1    Str:  9    XL:     3   Next: 79%
Magic:  5/6        EV: 14    Int: 15    God:
Gold:   77         SH:  0    Dex: 13    Spells: 3/6 levels left

rFire    . . .     SeeInvis .     - Unarmed
rCold    . . .     Faith    .   (no shield)
rNeg     . . .     Spirit   .   (helmet currently unavailable)
rPois    .         Reflect  .   (no amulet)
rElec    .         Harm     .   (no ring)
rCorr    .         Rampage  .   (no ring)
Will     .....                  (no ring)
Stlth    ++........             (no ring)
HPRegen  0.08/turn              (no ring)
MPRegen  0.10/turn              (no ring)
                                (no ring)
                                (no ring)

@: appendages
A: almost no armour, stealthy swim, amphibious, 8 rings, constrict 8, tentacle
spike 3, camouflage 1, gelatinous body 1
a: End Transformation


You were on level 2 of the Dungeon.
One of your tentacles had a temporary spike.
You visited 1 branch of the dungeon, and saw 2 of its levels.

You collected 77 gold pieces.

Inventory:

Jewellery
 h - a +4 ring of protection {unknown}
Scrolls
 a - 3 scrolls of teleportation {unknown}
 b - 2 scrolls of immolation {unknown}
 d - 2 scrolls of remove curse {unknown}
 f - a scroll of amnesia {unknown}
 g - 5 scrolls of identify {unknown}
Potions
 c - a potion of degeneration {unknown}
 e - 2 potions of might {unknown}
 i - a potion of resistance {unknown}
 j - a potion of ambrosia {unknown}
 k - a potion of lignification {unknown}


   Skills:
 + Level 1.8 Fighting
 + Level 2.4 Dodging
 + Level 3.3 Unarmed Combat
 + Level 2.3 Spellcasting
 + Level 2.4 Transmutations


You had 3 spell levels left.
You knew the following spells:

 Your Spells              Type           Power        Failure   Level
a - Beastly Appendage     Tmut           18%          8%          1
b - Wereblood             Tmut           9%           12%         2

Your spell library contained the following spells:

 Spells                   Type           Power        Failure   Level
 Apportation              Tloc           2%           22%         1
 Spider Form              Tmut/Pois      2%           36%         3
 Ice Form                 Ice/Tmut       5%           78%         4
 Blade Hands              Tmut           4%           91%         5


Dungeon Overview and Level Annotations

Branches:
Dungeon (2/15)

Altars:
Sif Muna


Innate Abilities, Weirdness & Mutations

You cannot wear most types of armour.
You are very stealthy in the water. (Stealth+)
You are amphibious.
You can wear up to eight rings at the same time.
You can use your tentacles to constrict eight enemies at once.
Your skin changes colour to match your surroundings (Stealth+).
Your rubbery body absorbs attacks. (AC +1, EV +1)
One of your tentacles bears a large vicious spike.


Message History

You add the spell Apportation to your library.
A gnoll comes into view. It is wielding a +2 spear.
The gnoll shouts!
Casting: Beastly Appendage (safe; 8% risk of failure)
Confirm with . or Enter, or press ? or * to list all spells.
One of your tentacles grows a vicious spike.
The gnoll hits you with a +2 spear.
You tentacle-slap the gnoll but do no damage.
Your grab misses the gnoll.
You pierce the gnoll, but do no damage.
The gnoll barely misses you.
You barely miss the gnoll. Your grab misses the gnoll.
The gnoll hits you with a +2 spear!
You tentacle-slap the gnoll but do no damage.
Your grab misses the gnoll. The gnoll hits you with a +2 spear.
* * * LOW HITPOINT WARNING * * *
You closely miss the gnoll. You grab the gnoll. You squeeze the gnoll.
The gnoll is moderately wounded.
You constrict the gnoll, but do no damage.
The gnoll hits you with a +2 spear!
You die...

#.......'. #######
#..######. #### #.....#
#..# #. #..###...[.#
#..# #. #_..##.....#
#..# #. #....##....#
#..# #.
###...##...###..######.
##...##..'...........
#∩#g@.#..###..######.
.g###....## #..# #..
##...####..# ##
##........######
#####+#.>......
#.......###### # ##
##........# #.#.
#.........#
#.#.####.........###


You could see a gnoll.

Vanquished Creatures
  An adder (D:2)
  A white imp (D:2)
  2 dart slugs (D:1)
  A leopard gecko (D:1)
  5 bats
  2 giant cockroaches (D:1)
  3 goblins
  4 hobgoblins (D:1)
  5 kobolds
  3 rats (D:1)
27 creatures vanquished.

Notes
Turn   | Place    | Note
-------+----------+-------------------------------------------
     0 | D:1      | voltaire321 the Octopode Transmuter began the quest for the
                  | Orb.
     0 | D:1      | Reached XP level 1. HP: 13/13 MP: 3/3
   170 | D:1      | Reached XP level 2. HP: 3/18 MP: 5/5
   955 | D:1      | Learned a level 2 spell: Wereblood
   990 | D:1      | Reached XP level 3. HP: 20/23 MP: 4/6
  1599 | D:2      | Found a shimmering blue altar of Sif Muna.
  1611 | D:2      | HP: 1/24 [white imp/puff of frost (10)]
  1907 | D:2      | Identified Sif Muna's Collected Works on Translocation
  1919 | D:2      | Slain by a gnoll

Illustrated notes

Levels and vault maps discovered:
D:1:      lightli_iron_boxes, layout_loops_cross, minmay_misc_feat_pillars,
          minmay_tree_intersection
D:2:      layout_basic, nzn_overflow_gifts_of_might_and_magic

Action                   || total
-------------------------++-------
Melee: Unarmed           ||    58
       Constrict         ||    13
       Kick              ||    17
       Tentacles         ||     9
       Punch             ||     1
 Cast: Beastly Appendage ||    20
 Stab: Sleeping          ||     4
Armor: Skin              ||     8
Dodge: Dodged            ||    33

Table legend: (Time is in decaauts)
 A = Elapsed time spent in this place.
 B = Non-inter-level travel time spent in this place.
 C = Inter-level travel time spent in this place.
 D = Time resting spent in this place.
 E = Time spent auto-exploring this place.
 F = Levels seen in this place.
 G = Mean time per level.
                   A        B        C        D        E       F      G
               +--------+--------+--------+--------+--------+-----+--------+
         Total |   1915 |   1915 |      0 |    792 |    803 |   2 |  957.5 |
       Dungeon |   1915 |   1915 |      0 |    792 |    803 |   2 |  957.5 |
               +--------+--------+--------+--------+--------+-----+--------+

Top non-repeatable levels by time:
     D:1: 1174 daAuts
     D:2: 740 daAuts
